HSSL
SHELBY HS ROCKETS @ BUCHANAN HS
04/19/2030
 
TOP OF THE 1ST
Shelby HS Rockets batting - Pitching for Buchanan HS : RHP Bill Harradine
Pitching: RHP Bill Harradine
Batting: SHB Joe Jenkins 0-0: Called Strike
0-1: Ball
1-1: Swinging Strike
1-2: Strikes out looking
Batting: RHB José Zamora 0-0: Ball
1-0: Ball
2-0: Called Strike
2-1: SINGLE (Groundball, 34D)
Batting: RHB Sergio Ramírez 0-0: Ball
1-0: Called Strike
1-1: Ball
2-1: Ball
Passed Ball!
José Zamora to second
3-1: Base on Balls
Batting: LHB Ben Ward 0-0: Ball
1-0: Fielders Choice at 2nd, 6-4 (Groundball, 6)
José Zamora to third
Batting: RHB José Borrero 0-0: Called Strike
0-1: SINGLE (Groundball, 6D)
José Zamora scores
Ben Ward to second
Batting: LHB Ron Davis 0-0: Foul Ball, location: 2F
0-1: Ball
1-1: Swinging Strike
1-2: Ground out 4-3 (Groundball, 4)
Top of the 1st over - 1 run, 2 hits, 0 errors, 2 left on base; Shelby HS 1 - Buchanan HS 0
BOTTOM OF THE 1ST
Buchanan HS batting - Pitching for Shelby HS Rockets : RHP Matt Sykes
Pitching: RHP Matt Sykes
Batting: RHB Juan Martínez 0-0: Ball
1-0: SINGLE (Groundball, 5D)
Batting: RHB Tom Ross 0-0: SINGLE (Groundball, 56S) (infield hit)
Juan Martínez to second
Batting: LHB Edgar Cameron 0-0: Ball
1-0: Ball
2-0: Ball
3-0: Called Strike
3-1: Foul Ball, location: 2F
3-2: Base on Balls
Juan Martínez to third
Tom Ross to second
Batting: RHB Anthony Moore 0-0: Ball
1-0: Foul Ball, location: 2F
1-1: Foul Ball, location: 2F
1-2: Ball
2-2: Ball
3-2: Strikes out swinging
Batting: LHB David Guillén 0-0: Ball
1-0: Ball
2-0: Swinging Strike
2-1: Foul Ball, location: 2F
2-2: Foul Ball, location: 2F
2-2: Ball
3-2: Strikes out swinging
Batting: RHB Jack Lee Balk!
Juan Martínez scores
Tom Ross to third
Edgar Cameron to second
0-0: Ball
1-0: Ball
2-0: Called Strike
2-1: Called Strike
2-2: Foul Ball, location: 2F
2-2: Fly out, F8 (Flyball, 8LD)
Bottom of the 1st over - 1 run, 2 hits, 0 errors, 2 left on base; Shelby HS 1 - Buchanan HS 1
TOP OF THE 2ND
Shelby HS Rockets batting - Pitching for Buchanan HS : RHP Bill Harradine
Batting: RHB Reynaldo Oliva 0-0: Called Strike
0-1: Called Strike
0-2: Foul Ball, location: 2F
0-2: Ball
1-2: Strikes out swinging
Batting: RHB Art McDonald 0-0: Fly out, F5 (Popup, 25F)
Batting: RHB David Ordóñez 0-0: Called Strike
0-1: Foul Ball, location: 2F
0-2: Strikes out looking
Top of the 2nd over - 0 runs, 0 hits, 0 errors, 0 left on base; Shelby HS 1 - Buchanan HS 1
BOTTOM OF THE 2ND
Buchanan HS batting - Pitching for Shelby HS Rockets : RHP Matt Sykes
Batting: RHB Jorge Álvarez 0-0: Foul Ball, location: 2F
0-1: Foul Ball, location: 2F
0-2: Foul Ball, location: 2F
0-2: DOUBLE (Line Drive, 78D)
Batting: LHB Albert Fuentes 0-0: Called Strike
0-1: Ball
1-1: Foul Ball, location: 2F
1-2: Ball
2-2: SINGLE (Line Drive, 4)
Jorge Álvarez to third
Batting: RHB Jim Williams 0-0: Called Strike
0-1: Ball
1-1: Called Strike
1-2: Fly out, F8 (Flyball, 89M)
Runner from 3rd tags up, SCORES, throw made
Batting: RHB Juan Martínez 0-0: Called Strike
0-1: Ball
1-1: Foul Ball, location: 2F
1-2: Ball
2-2: Foul Ball, location: 2F
2-2: Strikes out looking
Batting: RHB Tom Ross 0-0: Ball
1-0: Ball
Albert Fuentes is caught stealing 2nd base
Bottom of the 2nd over - 1 run, 2 hits, 0 errors, 0 left on base; Shelby HS 1 - Buchanan HS 2
TOP OF THE 3RD
Shelby HS Rockets batting - Pitching for Buchanan HS : RHP Bill Harradine
Batting: SHB Joe Jenkins 0-0: Ball
1-0: Ball
2-0: Foul Ball, location: 2F
2-1: Fly out, F9 (Line Drive, 9)
Batting: RHB José Zamora 0-0: Called Strike
0-1: Ball
1-1: Ball
2-1: Foul Ball, location: 2F
2-2: Foul Ball, location: 2F
2-2: Strikes out swinging
Batting: RHB Sergio Ramírez 0-0: Ball
1-0: Foul Ball, location: 2F
1-1: Ground out 5-3 (Groundball, 5S)
Top of the 3rd over - 0 runs, 0 hits, 0 errors, 0 left on base; Shelby HS 1 - Buchanan HS 2
BOTTOM OF THE 3RD
Buchanan HS batting - Pitching for Shelby HS Rockets : RHP Matt Sykes
Batting: RHB Tom Ross 0-0: Called Strike
0-1: DOUBLE (Flyball, 89D)
Batting: LHB Edgar Cameron 0-0: SINGLE (Flyball, 8LM)
Tom Ross to third
Batting: RHB Anthony Moore 0-0: Swinging Strike
0-1: Ball
1-1: SINGLE (Groundball, 56S) (infield hit)
Tom Ross scores
Edgar Cameron to second
Batting: LHB David Guillén 0-0: Called Strike
0-1: Swinging Strike
0-2: Strikes out swinging
Batting: RHB Jack Lee 0-0: Ball
1-0: Called Strike
1-1: Swinging Strike
1-2: Strikes out swinging
Batting: RHB Jorge Álvarez 0-0: Foul Ball, location: 2F
0-1: Fly out, F2 (Popup, 23F)
Bottom of the 3rd over - 1 run, 3 hits, 0 errors, 2 left on base; Shelby HS 1 - Buchanan HS 3
TOP OF THE 4TH
Shelby HS Rockets batting - Pitching for Buchanan HS : RHP Bill Harradine
Batting: LHB Ben Ward 0-0: Ball
1-0: Ball
2-0: Ball
3-0: Called Strike
3-1: Foul Ball, location: 2F
3-2: SINGLE (Line Drive, 56)
Batting: RHB José Borrero 0-0: Foul Ball, location: 2F
0-1: Called Strike
0-2: Foul Ball, location: 2F
0-2: Grounds into double play, 6-4-3 (Groundball, 6)
Batting: LHB Ron Davis 0-0: Ball
1-0: Ball
2-0: Swinging Strike
2-1: Ball
3-1: Called Strike
3-2: Fly out, F6 (Popup, 56D)
Top of the 4th over - 0 runs, 1 hit, 0 errors, 0 left on base; Shelby HS 1 - Buchanan HS 3
BOTTOM OF THE 4TH
Buchanan HS batting - Pitching for Shelby HS Rockets : RHP Matt Sykes
Batting: LHB Albert Fuentes 0-0: Ball
1-0: Ball
2-0: SINGLE (Groundball, 34D)
Batting: RHB Jim Williams 0-0: SINGLE (Groundball, 4M) (infield hit)
Albert Fuentes to second
Batting: RHB Juan Martínez 0-0: Ball
1-0: Ball
2-0: Ball
3-0: Called Strike
3-1: Base on Balls
Albert Fuentes to third
Jim Williams to second
Batting: RHB Tom Ross 0-0: Called Strike
0-1: Ground out 4-3 (Groundball, 4M)
Albert Fuentes scores
Jim Williams to third
Juan Martínez to second
Batting: LHB Edgar Cameron 0-0: Fly out, F5 (Popup, 5F)
Batting: RHB Anthony Moore 0-0: Called Strike
0-1: Called Strike
0-2: Ball
1-2: Ball
2-2: SINGLE (Line Drive, 5D)
Jim Williams scores
Juan Martínez to third
Runner from 3rd tries for Home, SAFE, throw made home
Anthony Moore to second
Pitching: RHP Kevin Cain
Batting: LHB David Guillén 0-0: Foul Ball, location: 2F
0-1: Hit by Pitch
Batting: RHB Jack Lee 0-0: Ball
1-0: Swinging Strike
1-1: Foul Ball, location: 2F
1-2: Ball
2-2: SINGLE (Groundball, 56D)
Anthony Moore to third
David Guillén to second
Runner from 3rd tries for Home, SAFE, no throw
Batting: RHB Jorge Álvarez 0-0: Swinging Strike
0-1: Called Strike
0-2: Ball
1-2: Reached on error, E6 (Groundball, 6)
David Guillén to third
Jack Lee to second
Batting: LHB Albert Fuentes 0-0: Called Strike
0-1: Ball
1-1: Ball
2-1: Ball
3-1: Base on Balls
David Guillén scores
Jack Lee to third
Jorge Álvarez to second
Batting: RHB Jim Williams 0-0: SINGLE (Line Drive, 4MD)
Jack Lee scores
Jorge Álvarez to third
Albert Fuentes to second
Runner from 3rd tries for Home, SAFE, no throw
Batting: RHB Juan Martínez 0-0: Called Strike
0-1: SINGLE (Line Drive, 6MD)
Albert Fuentes to third
Jim Williams to second
Runner from 3rd tries for Home, SAFE, no throw
Batting: RHB Tom Ross 0-0: Foul Ball, location: 2F
0-1: Ball
1-1: Ball
2-1: Ball
3-1: Ground out 6-3 (Groundball, 56)
Bottom of the 4th over - 8 runs, 6 hits, 1 error, 2 left on base; Shelby HS 1 - Buchanan HS 11
TOP OF THE 5TH
Shelby HS Rockets batting - Pitching for Buchanan HS : RHP Bill Harradine
Batting: RHB Reynaldo Oliva 0-0: Foul Ball, location: 2F
0-1: Called Strike
0-2: Foul Ball, location: 2F
0-2: SINGLE (Groundball, 6MD)
Batting: RHB Art McDonald 0-0: Ball
1-0: SINGLE (Flyball, 8RS)
Reynaldo Oliva to second
Batting: RHB David Ordóñez 0-0: SINGLE (Line Drive, 8LS)
Reynaldo Oliva to third
Art McDonald to second
Batting: SHB Joe Jenkins 0-0: Foul Ball, location: 2F
0-1: Ball
1-1: Ball
2-1: Fly out, F2 (Popup, 23F)
Batting: RHB José Zamora 0-0: Ball
1-0: Ball
2-0: Ball
3-0: Called Strike
3-1: Fielders Choice at 2nd, 6-4 (Groundball, 6M)
Reynaldo Oliva scores
Art McDonald to third
Batting: RHB Sergio Ramírez 0-0: Foul Ball, location: 2F
0-1: Ball
1-1: Ball
2-1: Swinging Strike
2-2: Hit by Pitch
José Zamora to second
Pitching: RHP David Watson
Batting: LHB Ben Ward 0-0: Foul Ball, location: 2F
0-1: Ball
1-1: Ball
2-1: SINGLE (Line Drive, 6MD)
Art McDonald scores
José Zamora to third
Sergio Ramírez to second
Runner from 3rd tries for Home, SAFE, no throw
Batting: RHB José Borrero 0-0: Swinging Strike
0-1: Ball
1-1: Foul Ball, location: 2F
1-2: Fly out, F7 (Flyball, 78S)
Top of the 5th over - 3 runs, 4 hits, 0 errors, 2 left on base; Shelby HS 4 - Buchanan HS 11
BOTTOM OF THE 5TH
Buchanan HS batting - Pitching for Shelby HS Rockets : RHP Kevin Cain
Batting: LHB Edgar Cameron 0-0: Called Strike
0-1: Called Strike
0-2: Ground out U3 (Groundball, 3)
Batting: RHB Anthony Moore 0-0: Swinging Strike
0-1: Foul Ball, location: 2F
0-2: Ball
1-2: Ball
2-2: Strikes out swinging
Batting: LHB David Guillén 0-0: Called Strike
0-1: Foul Ball, location: 2F
0-2: Ground out 4-3 (Groundball, 4)
Bottom of the 5th over - 0 runs, 0 hits, 0 errors, 0 left on base; Shelby HS 4 - Buchanan HS 11
TOP OF THE 6TH
Shelby HS Rockets batting - Pitching for Buchanan HS : RHP David Watson
Batting: LHB Ron Davis 0-0: Foul Ball, location: 2F
0-1: Swinging Strike
0-2: Strikes out swinging
Batting: RHB Reynaldo Oliva 0-0: Foul Ball, location: 2F
0-1: Ball
1-1: DOUBLE (Line Drive, 89D)
Batting: RHB Art McDonald 0-0: Ball
1-0: Foul Ball, location: 2F
1-1: Ball
2-1: Ball
3-1: Swinging Strike
3-2: Fly out, F4 (Popup, 4)
Batting: RHB David Ordóñez 0-0: Foul Ball, location: 2F
0-1: SINGLE (Flyball, 7LS)
Reynaldo Oliva to third
Batting: SHB Joe Jenkins 0-0: Ball
1-0: Foul Ball, location: 2F
1-1: Swinging Strike
1-2: Ball
2-2: Foul Ball, location: 2F
2-2: Foul Ball, location: 2F
2-2: Strikes out looking
Top of the 6th over - 0 runs, 2 hits, 0 errors, 2 left on base; Shelby HS 4 - Buchanan HS 11
BOTTOM OF THE 6TH
Buchanan HS batting - Pitching for Shelby HS Rockets : RHP Kevin Cain
Batting: RHB Jack Lee 0-0: Called Strike
0-1: Ball
1-1: Ball
2-1: Ball
3-1: Base on Balls
Batting: RHB Jorge Álvarez 0-0: Foul Ball, location: 2F
0-1: Foul Ball, location: 2F
0-2: Foul Ball, location: 2F
0-2: Fielders Choice at 2nd, 5-4 (Groundball, 56)
Batting: LHB Albert Fuentes 0-0: Swinging Strike
0-1: Ball
1-1: Ball
2-1: Fly out, F7 (Flyball, 78S)
Batting: RHB Jim Williams 0-0: Foul Ball, location: 2F
0-1: 2-RUN HOME RUN (Flyball, 89XD), Distance : 399 ft
Batting: RHB Juan Martínez 0-0: Ball
1-0: Ball
2-0: Called Strike
2-1: Swinging Strike
2-2: Ball
3-2: Base on Balls
Batting: RHB Tom Ross 0-0: Ball
Juan Martínez steals 2nd base
1-0: Called Strike
1-1: SINGLE (Flyball, 34D)
Juan Martínez to third
Runner from 3rd tries for Home, SAFE, no throw
Pitching: RHP Scott Wilson
Batting: LHB Edgar Cameron 0-0: Fly out, F8 (Flyball, 8RS)
Bottom of the 6th over - 3 runs, 2 hits, 0 errors, 1 left on base; Shelby HS 4 - Buchanan HS 14
TOP OF THE 7TH
Shelby HS Rockets batting - Pitching for Buchanan HS : RHP David Watson
Batting: RHB José Zamora 0-0: Swinging Strike
0-1: Foul Ball, location: 2F
0-2: Ball
1-2: Ball
2-2: Foul Ball, location: 2F
2-2: Strikes out swinging
Pitching: RHP Rusty Silva
Batting: RHB Sergio Ramírez 0-0: Ball
1-0: Called Strike
1-1: Ball
2-1: SINGLE (Groundball, 34D)
Batting: LHB Ben Ward 0-0: Called Strike
0-1: Swinging Strike
0-2: Ball
1-2: Foul Ball, location: 2F
1-2: Foul Ball, location: 2F
1-2: Ball
2-2: Grounds into double play, 6-4-3 (Groundball, 6)
Top of the 7th over - 0 runs, 1 hit, 0 errors, 0 left on base; Shelby HS 4 - Buchanan HS 14
BOTTOM OF THE 7TH
Buchanan HS batting - Pitching for Shelby HS Rockets : RHP Scott Wilson
Batting: RHB Anthony Moore 0-0: Ball
1-0: Foul Ball, location: 2F
1-1: Foul Ball, location: 2F
1-2: Ball
2-2: Ball
3-2: SINGLE (Line Drive, 56D)
Batting: LHB David Guillén 0-0: Ball
1-0: Called Strike
1-1: Reached on error, E3 (Groundball, 34)
Anthony Moore to second
Batting: RHB Jack Lee 0-0: Ball
1-0: Foul Ball, location: 2F
1-1: Fly out, F9 (Flyball, 9)
Batting: RHB Jorge Álvarez 0-0: Ball
Passed Ball!
Anthony Moore to third
David Guillén to second
1-0: Ball
2-0: Ball
3-0: Base on Balls
Batting: LHB Albert Fuentes 0-0: Swinging Strike
0-1: Ball
1-1: Called Strike
1-2: Strikes out swinging
Batting: RHB Jim Williams 0-0: Foul Ball, location: 2F
0-1: Foul Ball, location: 2F
0-2: Ball
1-2: Ball
2-2: Ball
3-2: Base on Balls
Anthony Moore scores
David Guillén to third
Jorge Álvarez to second
Batting: RHB Juan Martínez 0-0: Fly out, F7 (Flyball, 8LS)
Bottom of the 7th over - 1 run, 1 hit, 1 error, 3 left on base; Shelby HS 4 - Buchanan HS 15
TOP OF THE 8TH
Shelby HS Rockets batting - Pitching for Buchanan HS : RHP Rusty Silva
Batting: RHB José Borrero 0-0: Called Strike
0-1: Swinging Strike
0-2: Ball
1-2: Ball
2-2: Ball
3-2: Fly out, F8 (Flyball, 8LD)
Batting: LHB Ron Davis 0-0: Ball
1-0: Foul Ball, location: 2F
1-1: Ball
2-1: Ball
3-1: Called Strike
3-2: DOUBLE (Line Drive, 8RD)
Pitching: RHP Norm Hinton
Batting: RHB Reynaldo Oliva 0-0: Ball
1-0: Called Strike
1-1: Called Strike
1-2: Ball
2-2: Strikes out swinging
Batting: RHB Art McDonald 0-0: Ball
1-0: Ball
2-0: Foul Ball, location: 2F
2-1: Ball
3-1: Foul Ball, location: 2F
3-2: Strikes out looking
Top of the 8th over - 0 runs, 1 hit, 0 errors, 1 left on base; Shelby HS 4 - Buchanan HS 15
BOTTOM OF THE 8TH
Buchanan HS batting - Pitching for Shelby HS Rockets : RHP Scott Wilson
Batting: RHB Tom Ross 0-0: Ball
1-0: Ball
2-0: Foul Ball, location: 2F
2-1: Ball
3-1: Swinging Strike
3-2: Foul Ball, location: 2F
3-2: Foul Ball, location: 2F
3-2: Foul Ball, location: 2F
3-2: Fly out, F5 (Popup, 15)
Batting: LHB Edgar Cameron 0-0: Foul Ball, location: 2F
0-1: Swinging Strike
0-2: Ground out 1-3 (Groundball, P)
Batting: RHB Anthony Moore 0-0: Ball
1-0: Ball
2-0: Ball
3-0: Called Strike
3-1: Base on Balls
Batting: LHB David Guillén 0-0: Foul Ball, location: 2F
0-1: Ball
1-1: Ball
2-1: Fly out, F6 (Popup, 6MD)
Bottom of the 8th over - 0 runs, 0 hits, 0 errors, 1 left on base; Shelby HS 4 - Buchanan HS 15
TOP OF THE 9TH
Shelby HS Rockets batting - Pitching for Buchanan HS : RHP Norm Hinton
Batting: RHB David Ordóñez 0-0: Ball
1-0: Ground out 6-3 (Groundball, 56D)
Pinch Hitting: RHB Jesús García 0-0: Ball
1-0: Foul Ball, location: 2F
1-1: Ball
2-1: Ball
3-1: SINGLE (Flyball, 78S)
Batting: RHB José Zamora 0-0: Ball
1-0: Ball
2-0: Reached on error, E5 (Groundball, 5S)
Jesús García to second
Batting: RHB Sergio Ramírez 0-0: Ball
1-0: Called Strike
1-1: Swinging Strike
1-2: Strikes out swinging
Batting: LHB Ben Ward 0-0: Ball
1-0: Foul Ball, location: 2F
1-1: Ball
2-1: Ball
3-1: Foul Ball, location: 2F
3-2: Foul Ball, location: 2F
3-2: Foul Ball, location: 2F
3-2: Foul Ball, location: 2F
3-2: Base on Balls
Jesús García to third
José Zamora to second
Batting: RHB José Borrero 0-0: Called Strike
0-1: Ball
1-1: GRAND SLAM HOME RUN (Flyball, 7D), Distance : 367 ft
Pitching: RHP Fernando Acevedo
Batting: LHB Ron Davis 0-0: SOLO HOME RUN (Line Drive, 9LD), Distance : 365 ft
Batting: RHB Reynaldo Oliva 0-0: Called Strike
0-1: Foul Ball, location: 2F
0-2: Ball
1-2: Ball
2-2: Ground out 5-3 (Groundball, 56)
Top of the 9th over - 5 runs, 3 hits, 1 error, 0 left on base; Shelby HS 9 - Buchanan HS 15
Saturday, April 7th, 2018 - OOTP Baseball 18.8 Build 76